 Dungeon Crawl Stone Soup version 0.23.0-3-gf3c87f2 (webtiles) character file.

Game seed: 1165146840708837203

701 Rynaferr the Skirmisher (level 7, 0/114 HPs)
             Began as an Ogre Berserker on Feb 22, 2019.
             Was a Believer of Trog.
             Slain by a gnoll
             ... wielding a +0 halberd
              (4 damage)
             ... on level 5 of the Dungeon.
             The game lasted 00:08:01 (3594 turns).

Rynaferr the Skirmisher (Ogre Berserker)            Turns: 3594, Time: 00:08:02

Health: 0/114      AC:  3    Str: 29    XL:     7   Next: 66%
Magic:  16/16      EV: 11    Int:  8    God:    Trog [**....]
Gold:   167        SH:  0    Dex:  8    Spells: 6/6 levels left

rFire    + . .     SeeInvis .   t - +0 giant spiked club
rCold    . . .     Gourm    .   (shield currently unavailable)
rNeg     . . .     Faith    .   b - +0 animal skin
rPois    .         Spirit   .   (helmet restricted)
rElec    .         Reflect  .   (no cloak)
rCorr    .         Harm     .   (gloves unavailable)
MR       ++...                  (boots unavailable)
Stlth    ..........             s - amulet of rage
HPRegen  1.29/turn              h - ring of protection from fire
MPRegen  0.15/turn              q - ring of magical power

@: berserking, lethally poisoned (0 -> 0), regenerating, very quick
A: large, unfitting armour, tough skin 1
a: Berserk, Trog's Hand, Renounce Religion, Evoke Berserk Rage


You were on level 5 of the Dungeon.
You worshipped Trog.
Trog was pleased with you.
You were not hungry.

You visited 1 branch of the dungeon, and saw 5 of its levels.
You also visited: Sewer.

You collected 167 gold pieces.

Inventory:

Hand Weapons
 a - a +0 mace
 n - a +3 flail
 t - a +0 giant spiked club (weapon)
Missiles
 k - 46 sling bullets
Armour
 b - a +0 animal skin (worn)
Jewellery
 h - a ring of protection from fire (left hand)
 q - a ring of magical power (right hand)
 s - an amulet of rage (around neck)
Wands
 p - a wand of random effects (15)
Scrolls
 g - a scroll of magic mapping {unknown}
 j - 3 scrolls of teleportation
 l - a scroll of fog {unknown}
 r - 3 scrolls of identify {unknown}
 u - a scroll of amnesia {unknown}
 v - 2 scrolls of remove curse {unknown}
 y - a scroll of enchant armour {unknown}
Potions
 d - 3 potions of degeneration {unknown}
 e - a potion of berserk rage {unknown}
 f - 7 potions of curing {unknown}
 m - 2 potions of brilliance {unknown}
 o - a potion of magic {unknown}
 w - 3 potions of heal wounds {unknown}
 x - 2 potions of flight {unknown}
Comestibles
 c - 6 rations


   Skills:
 + Level 6.7 Fighting
 + Level 5.7 Maces & Flails
 + Level 4.7 Dodging
 + Level 0.6 Stealth


You had 6 spell levels left.
You didn't know any spells.
Your spell library was empty.

Dungeon Overview and Level Annotations

Branches:
Dungeon (5/15)
 Temple: D:4-7

Altars:
Elyvilon
Fedhas
Okawaru
Uskayaw


Innate Abilities, Weirdness & Mutations

You are too large for most types of armour.
You have tough skin. (AC +1)


Message History

The adder bites you.
* * * LOW HITPOINT WARNING * * *
You are more poisoned.
The adder poisons you! The gnoll barely misses you. x2
The adder bites you but does no damage.
You impale the adder!!
You kill the adder!
Trog accepts your kill.
You feel sick. The gnoll hits you with a +0 flail.
* * * LOW HITPOINT WARNING * * *
The gnoll barely misses you. x2
The gnoll hits you from afar with a +0 halberd!
* * * LOW HITPOINT WARNING * * *
You thump the gnoll!
You kill the gnoll!
Trog accepts your kill.
The gnoll hits you from afar with a +0 halberd.
* * * LOW HITPOINT WARNING * * *
The gnoll hits you from afar with a +0 halberd.
You die...

♣ ♣♣..# ...
♣PP.^## ....
♣.P...##
....♣♣♣♣....#
♣...........#
.....P♣♣....#
....P.♣♣...##
.....g.....#
.....g)@...#
.....g.†...#
..$.......##
..........#
.........##
.........#
........##
#.#######


You could see 3 gnolls.

Vanquished Creatures
  Sigmund (D:2)
  2 ogres (D:4)
  A big kobold (Sewer)
  A howler monkey (D:4)
  A centaur skeleton (D:4)
  Natasha (thrice) (D:3)
  A gnoll (D:5)
  6 adders
  A river rat (Sewer)
  3 dart slugs
  3 leopard geckos
  An orc (D:4)
  9 giant cockroaches
  10 goblins
  9 hobgoblins
  17 jackals
  A quokka (D:2)
  3 ball pythons
  5 bats
  A frilled lizard (D:4)
  6 kobolds
  A quokka skeleton (D:4)
  10 rats
96 creatures vanquished.

Notes
Turn   | Place    | Note
-------+----------+-------------------------------------------
     0 | D:1      | Rynaferr the Ogre Berserker began the quest for the Orb.
     0 | D:1      | Reached XP level 1. HP: 24/24 MP: 1/1
   131 | D:1      | Reached XP level 2. HP: 30/32 MP: 2/2
   589 | D:2      | Reached XP level 3. HP: 18/40 MP: 3/3
   595 | D:2      | Reached ** piety under Trog
   940 | D:2      | Noticed Sigmund
   960 | D:2      | Killed Sigmund
   960 | D:2      | Reached skill level 5 in Fighting
   960 | D:2      | Reached XP level 4. HP: 27/50 MP: 4/4
   960 | D:2      | Reached XP level 5. HP: 30/57 MP: 5/5
  1264 | D:2      | Found a white marble altar of Elyvilon.
  1634 | D:3      | Noticed Natasha
  1643 | D:3      | Killed Natasha
  1643 | D:3      | Reached XP level 6. HP: 45/66 MP: 6/6
  1801 | D:3      | Noticed Natasha
  1812 | D:3      | Killed Natasha
  1836 | D:3      | Noticed Natasha
  1845 | D:3      | Killed Natasha
  2036 | D:3      | Found a blossoming altar of Fedhas.
  2036 | D:3      | Found a hide-covered altar of Uskayaw.
  2040 | D:3      | Reached skill level 6 in Fighting
  2122 | D:3      | Found an iron altar of Okawaru.
  2525 | D:4      | Reached XP level 7. HP: 28/75 MP: 7/7
  2606 | D:4      | Reached skill level 5 in Maces & Flails
  2785 | D:4      | Found a glowing drain.
  2822 | Sewer    | Entered a sewer
  2833 | Sewer    | Reached *** piety under Trog
  3044 | Sewer    | Found a white marble altar of Elyvilon.
  3553 | D:5      | Entered Level 5 of the Dungeon
  3594 | D:5      | HP: 4/114 [gnoll/+0 halberd (6)]
  3594 | D:5      | Slain by a gnoll

Skill      XL: |  1  2  3  4  5  6  7 |
---------------+----------------------+-----
Maces & Flails | 3 4 5 |  5.7
Dodging        | 3 4 |  4.7
Fighting       | 5 6 |  6.7
Stealth        | |  0.6

Action                   |  1- 3 |  4- 6 |  7- 9 || total
-------------------------+-------+-------+-------++-------
Melee: Mace              |    88 |    48 |       ||   136
       Flail             |       |    74 |       ||    74
       Giant spiked club |       |    32 |   101 ||   133
Invok: Berserk           |     2 |     2 |     3 ||     7
       Trog's Hand       |       |     1 |     6 ||     7
  Use: Scroll            |       |       |     1 ||     1
 Stab: Sleeping          |       |     1 |       ||     1
  Eat: Chunk             |     1 |     8 |     6 ||    15
       Ration            |       |       |     1 ||     1
Armor: Animal skin       |    57 |    43 |    33 ||   133
Dodge: Dodged            |    80 |   105 |    87 ||   272
